 Dungeon Crawl Stone Soup version 0.23-a0-139-ga22e90c (webtiles) character file.

1198 Amnesiac the Gusty (level 8, 0/52 HPs)
             Began as a Mummy Air Elementalist on Aug 30, 2018.
             Was a Follower of Sif Muna.
             Killed from afar by an orc wizard (4 damage)
             ... with a magic dart
             ... on level 5 of the Dungeon.
             The game lasted 00:12:40 (4679 turns).

Amnesiac the Gusty (Mummy Air Elementalist)         Turns: 4679, Time: 00:12:41

Health: 0/52       AC:  4    Str: 12    XL:     8   Next: 20%
Magic:  2/18       EV: 12    Int: 16    God:    Sif Muna [*.....]
Gold:   138        SH:  0    Dex: 12    Spells: 12/21 levels left

rFire    x . .     SeeInvis +   a - +0 dagger (venom)
rCold    + . .     Gourm    .   (no shield)
rNeg     + + +     Faith    .   f - +0 robe
rPois    ∞         Spirit   .   (no helmet)
rElec    .         Reflect  .   (no cloak)
rCorr    .         Harm     .   n - +1 pair of gloves
MR       +....                  (no boots)
Stlth    ++........             (no amulet)
HPRegen  0.17/turn              h - ring of wizardry
MPRegen  0.16/turn              d - ring of see invisible

@: divine energy
A: no food or potions, fire vulnerability, cold resistance 1, negative energy
resistance 3, torment resistance, unbreathing
a: Stop Divine Energy, Renounce Religion


You were on level 5 of the Dungeon.
You worshipped Sif Muna.
Sif Muna was aware of your devotion.
You were not hungry.

You visited 2 branches of the dungeon, and saw 8 of its levels.

You collected 138 gold pieces.

Inventory:

Hand Weapons
 a - a +0 dagger of venom (weapon)
 b - a +4 club
Armour
 f - a +0 robe (worn)
 n - a +1 pair of gloves (worn)
Magical Staves
 k - an uncursed staff of fire
Jewellery
 d - a ring of see invisible (right hand)
 h - a ring of wizardry (left hand)
Wands
 j - a wand of polymorph (15)
 l - a wand of digging (10)
Scrolls
 c - a scroll of magic mapping {!r}
 e - 3 scrolls of identify {!r}
 g - 3 scrolls of remove curse {!r}
 i - a scroll of fear {!r, unknown}


   Skills:
 - Level 1.5 Dodging
 - Level 1.5 Stealth
 + Level 7.1 Spellcasting
 - Level 0.7 Conjurations
 * Level 7.2 Air Magic


You had 12 spell levels left.
You knew the following spells:

 Your Spells              Type           Power        Failure   Level  Hunger
a - Airstrike             Air            ####......   2%          4    N/A
c - Apportation           Tloc           #.....       4%          1    N/A
d - Summon Small Mammal   Summ           #...         4%          1    N/A
e - Shock                 Conj/Air       ###.         1%          1    N/A
z - Swiftness             Chrm/Air       ###.....     1%          2    N/A

Your spell library contained the following spells:

 Spells                   Type           Power        Failure   Level  Hunger
 Static Discharge         Conj/Air       ###.....     2%          3    N/A
 Animate Skeleton         Necr           N/A          4%          1    N/A
 Confusing Touch          Hex            #.....       4%          1    N/A
 Lightning Bolt           Conj/Air       ###.......   26%         5    N/A

Dungeon Overview and Level Annotations

Branches:
Dungeon (7/15)             Temple (1/1) D:5

Altars:
Ashenzari
Dithmenos
Elyvilon
Fedhas
Hepliaklqana
Kikubaaqudgha
Makhleb
Nemelex Xobeh
Okawaru
Qazlal
Ru
Sif Muna
Trog
Vehumet
Wu Jian
Xom
Yredelemnul
Zin
The Shining One


Innate Abilities, Weirdness & Mutations

You do not eat or drink.
Your flesh is vulnerable to fire.
You are immune to poison.
Your flesh is cold resistant. (rC+)
You are immune to negative energy. (rN+++)
You are immune to unholy pain and torment.
You can survive without breathing.


Message History

You kill the centaur!
Sif Muna accepts your kill.
Your Spellcasting skill increases to level 7!
Sif Muna grants you divine energy.
You briefly lose access to your magic!
The worker ant closely misses you.
You regain access to your magic.
The worker ant barely misses you.
You hit the worker ant.
You kill the worker ant!
Sif Muna accepts your kill.
Casting: Airstrike (safe; 2% risk of failure)
Confirm with . or Enter, or press ? or * to list all spells.
Aiming: Airstrike (safe; 2% risk of failure)
Press: ? - help, Dir - move target cursor, f - orc wizard
Aim: an orc wizard, wielding a dagger of venom and wearing a robe (slightly The air twists around and strikes the orc wizard!
The orc wizard is almost dead.
Sif Muna grants you divine energy.
You briefly lose access to your magic!
You swing at nothing.
The orc wizard gestures at you while chanting.
The puff of flame misses the orc wizard.
The puff of flame hits you! The fire burns you terribly!
The orc wizard hits you but does no damage.
You closely miss the orc wizard.
The orc wizard is almost dead.
The orc wizard closely misses you.
You hit the orc wizard but do no damage.
The orc wizard is almost dead.
You regain access to your magic.
The orc wizard gestures at you while chanting.
The magic dart hits the orc wizard.
The orc wizard dies!
Casting: Airstrike (safe; 2% risk of failure)
Confirm with . or Enter, or press ? or * to list all spells.
Aiming: Airstrike (safe; 2% risk of failure)
Press: ? - help, Dir - move target cursor, f - orc wizard
Aim: an orc wizard, wielding a dagger and wearing a robe (fast)
The air twists around and strikes the orc wizard!
The orc wizard is severely wounded.
Sif Muna grants you divine energy.
You briefly lose access to your magic!
The orc wizard casts a cantrip, but nothing happens.
You swing at nothing.
The orc wizard closely misses you.
You hit the orc wizard but do no damage.
The orc wizard is poisoned.
The orc wizard is severely wounded.
The orc wizard hits you with a dagger.
You hit the orc wizard but do no damage.
The orc wizard is almost dead.
You regain access to your magic.
The orc wizard points at you and mumbles some strange words.
The magic dart hits you! The orc wizard casts a spell at you.
The puff of flame hits you! The fire burns you terribly!
* * * LOW HITPOINT WARNING * * *
The orc wizard looks satisfied for a moment.
The orc wizard gestures at you while chanting.
The magic dart hits you!
* * * LOW HITPOINT WARNING * * *
There is a stone staircase leading up here.
The orc wizard casts a spell at you. The magic dart hits you!
You die...

########### #####
#<.o)ho@..# #...#
#.#######.#####(..###
#)######.#.##.......####
#.##....###........>....
#o##.###.#.#......><####
#o##.# ##.##.##...###..†
#.##.# #.#.......###.##
#h##.# #...#####.....##
...###.##.######.#
#.......


You could see a hound, an orc wizard and an orc.

Vanquished Creatures
  Sigmund (D:5)
  A phantom (D:5)
  An ice beast (D:5)
  2 ogres (D:4)
  A centaur (D:5)
  A scorpion (D:5)
  A howler monkey (D:2)
  2 crimson imps (D:5)
  3 hounds
  An orc priest (D:3)
  Jessica (D:3)
  Terence (D:3)
  An orc wizard (D:3)
  5 worker ants
  4 adders
  An adder skeleton (D:4)
  3 worms
  3 dart slugs
  4 leopard geckos
  15 orcs
  5 giant cockroaches
  7 goblins
  9 hobgoblins
  4 kobolds
  2 quokkas (D:2)
  A ball python (D:2)
  5 bats
  3 frilled lizards
  A quokka skeleton (D:5)
  9 rats
98 creatures vanquished.

Vanquished Creatures (others)
  An orc wizard (D:5)
1 creature vanquished.

Grand Total: 99 creatures vanquished

Notes
Turn   | Place    | Note
-------+----------+-------------------------------------------
     0 | D:1      | Amnesiac the Mummy Air Elementalist began the quest for the
                  | Orb.
     0 | D:1      | Reached XP level 1. HP: 13/13 MP: 4/4
   231 | D:1      | Reached XP level 2. HP: 12/19 MP: 1/5
   235 | D:1      | Learned a level 2 spell: Swiftness
   383 | D:2      | Found a sacrificial altar of Ru.
   557 | D:3      | Learned a level 1 spell: Confusing Touch
   611 | D:3      | Noticed Jessica
   633 | D:3      | Killed Jessica
   633 | D:3      | Reached XP level 3. HP: 24/24 MP: 2/7
   670 | D:3      | Learned a level 1 spell: Apportation
   672 | D:3      | Learned a level 1 spell: Summon Small Mammal
   781 | D:5      | Entered Level 5 of the Dungeon
   920 | D:6      | Reached XP level 4. HP: 21/30 MP: 2/9
   926 | D:6      | Learned a level 4 spell: Airstrike
  1348 | D:5      | Noticed a phantom
  1391 | D:5      | Killed a phantom
  1391 | D:5      | Reached XP level 5. HP: 17/35 MP: 0/11
  1604 | D:5      | Noticed an ice beast
  1618 | D:5      | Killed an ice beast
  1618 | D:5      | Reached XP level 6. HP: 18/41 MP: 3/13
  1758 | D:5      | Reached skill level 5 in Air Magic
  1811 | D:5      | Reached skill level 5 in Spellcasting
  1958 | D:5      | Noticed Sigmund
  1999 | D:5      | Killed Sigmund
  1999 | D:5      | Reached XP level 7. HP: 32/46 MP: 7/15
  2089 | D:5      | Found a staircase to the Ecumenical Temple.
  2098 | Temple   | Entered the Ecumenical Temple
  2350 | Temple   | Became a worshipper of Sif Muna the Loreminder
  3076 | D:2      | Found a stormy altar of Qazlal.
  3666 | D:2      | Found an ancient bone altar of Kikubaaqudgha.
  3889 | D:3      | Noticed Terence
  3910 | D:3      | Killed Terence
  3979 | D:3      | Reached * piety under Sif Muna
  3988 | D:3      | Found a shattered altar of Ashenzari.
  4632 | D:5      | Reached XP level 8. HP: 52/52 MP: 9/18
  4679 | D:5      | Killed from afar by an orc wizard

Vault maps used:
D:1:      dpeg_arrival_chase
D:2:      wad_crossroads, marbit_many_paths, hangedman_ru_absence,
          overflow_temple_1_default
D:3:      cheibrodos_ashenzari_chains, uniq_terence, uniq_jessica
D:5:      temple_green, first_ration, uniq_sigmund
D:6:      cheibriados_altar_1, minmay_misc_feat_more_columns, uniq_eustachio
D:7:      uniq_harold
Temple:   eino_temple_scatter_basement

Skill      XL: |  1  2  3  4  5  6  7  8 |
---------------+-------------------------+-----
Air Magic      | 3 4 5 6 7 |  7.2
Spellcasting   | 3 4 5 6 7 |  7.1
Dodging        | |  1.5
Stealth        | |  1.5
Conjurations   | |  0.7

Action                   |  1- 3 |  4- 6 |  7- 9 || total
-------------------------+-------+-------+-------++-------
Melee: Club              |     1 |     5 |     8 ||    14
       Dagger            |       |       |    64 ||    64
 Cast: Shock             |    53 |    47 |    29 ||   129
       Airstrike         |       |     7 |    61 ||    68
       Summon Small Mamm |       |     1 |       ||     1
Invok: Divine Energy     |       |       |     1 ||     1
  Use: Scroll            |     1 |       |     6 ||     7
 Stab: Sleeping          |       |       |     2 ||     2
       Distracted        |       |       |     1 ||     1
Armor: Robe              |     6 |     6 |    16 ||    28
Dodge: Dodged            |    14 |    14 |    49 ||    77

Table legend:
 A = Non-vault XP
 B = Vault XP
 C = Vault XP percentage of total XP
 D = Non-vault monster count
 E = Vault monster count
 F = Vault count percentage of total count
                 A         B        C        D         E       F
            +---------+---------+-------+---------+---------+-------
      Total |    1412 |     300 |  17.5 |      91 |       8 |   8.1
            +---------+---------+-------+---------+---------+-------
        D:1 |      23 |       0 |   0.0 |      14 |       0 |   0.0
        D:2 |     106 |      15 |  12.4 |      22 |       5 |  18.5
        D:3 |     151 |      73 |  32.6 |      26 |       2 |   7.1
        D:4 |     383 |       0 |   0.0 |      10 |       0 |   0.0
        D:5 |     713 |     212 |  22.9 |      17 |       1 |   5.6
        D:6 |      36 |       0 |   0.0 |       2 |       0 |   0.0
            +---------+---------+-------+---------+---------+-------
